 Dungeon Crawl Stone Soup version 0.28-a0-872-g80cf8599ee (webtiles) character file.

Game seed: 1710123729157811119

4004 frimble the Fighter (level 10, -1/93 HPs)
             Began as a Minotaur Gladiator on Nov 20, 2021.
             Slain by a two-headed ogre (4 damage)
             ... on level 12 of the Dungeon.
             The game lasted 00:13:25 (10568 turns).

frimble the Fighter (Minotaur Gladiator)           Turns: 10568, Time: 00:13:26

Health: -1/93      AC: 15    Str: 20    XL:     10   Next: 3%
Magic:  18/18      EV: 10    Int:  8    God:
Gold:   472        SH:  0    Dex: 11    Spells: 9/9 levels left

rFire   . . .      SeeInvis .   a - +1 rapier
rCold   . . .      Faith    .   (no shield)
rNeg    + . .      Spirit   .   d - +0 pearl dragon scales
rPois   .          Reflect  .   c - +1 hat
rElec   .          Harm     .   j - +1 cloak
rCorr   .          Rampage  .   (no gloves)
Will    .....                   (no boots)
Stlth   ..........              (no amulet)
HPRegen 0.25/turn               l - ring of magical power
MPRegen 0.16/turn               (no ring)

@: no status effects
A: horns 2, retaliatory headbutt, iridescent scales 1
a: no special abilities


You were on level 12 of the Dungeon.
You visited 1 branch of the dungeon, and saw 12 of its levels.

You collected 472 gold pieces.

Inventory:

Hand Weapons
 a - a +1 rapier (weapon)
 i - a +4 dagger
Missiles
 b - a throwing net
 f - 3 boomerangs (quivered)
Armour
 c - a +1 hat (worn)
 d - +0 pearl dragon scales (worn)
 j - a +1 cloak (worn)
 k - a +2 robe of willpower
Jewellery
 e - an amulet of faith
 l - a ring of magical power (left hand)
 o - a ring of fire
Wands
 p - a wand of flame (27)
 u - a wand of paralysis (7)
Scrolls
 g - 3 scrolls of blinking
 m - a scroll of teleportation
 n - 2 scrolls of vulnerability
 q - a scroll of enchant weapon
 r - a scroll of silence
Potions
 h - 2 potions of curing
 s - 2 potions of flight
 t - a potion of ambrosia
 v - a potion of attraction


   Skills:
 + Level 10.1 Fighting
 + Level 9.7 Short Blades
 + Level 8.5 Throwing
 + Level 0.0 Armour
 - Level 4.3 Dodging


You had 9 spell levels left.
You didn't know any spells.
Your spell library contained the following spells:

 Spells                   Type           Power      Damage    Failure   Level
 Static Discharge         Conj/Air       0%         N/A       94%         2
 Dispel Undead            Necr           0%         3d6       100%        4
 Sticky Flame             Conj/Fire      0%         2d3       100%        4


Dungeon Overview and Level Annotations

Branches:
Dungeon (12/15)            Temple (0/1) D:6            Lair (0/6) D:10
    Orc: D:9-12

Altars:
Cheibriados
Elyvilon
Fedhas
Kikubaaqudgha
Nemelex Xobeh
Ru
Trog
Xom

Annotations:
D:9 Erica
D:10 3 runed translucent doors, sirJeffrey23's ghost, journeyman DsBe


Innate Abilities, Weirdness & Mutations

You have a pair of horns on your head.
You reflexively headbutt those who attack you in melee.
You are partially covered in iridescent scales. (AC +2)


Message History

The death yak gores you!
* * * LOW HITPOINT WARNING * * *
You climb downwards.
The two-headed ogre shouts in stereo!
You hear a shout!
Found 27 stones.
There is a stone staircase leading up here.
As you read the scroll of teleportation, it crumbles to dust.
You feel strangely unstable. The death yak gores you.
* * * LOW HITPOINT WARNING * * *
A troll comes into view.
The two-headed ogre misses you.
The two-headed ogre hits you with a +0 giant spiked club!
* * * LOW HITPOINT WARNING * * *
Your surroundings suddenly seem different.
You start removing your armour.
You continue taking off your +2 robe of willpower. x4
You finish taking off your +2 robe of willpower.
You feel less strong-willed.
You start putting on your armour.
You continue putting on your +0 pearl dragon scales. x5
You finish putting on your +0 pearl dragon scales.
You start resting.
A two-headed ogre is nearby!
Found a stone staircase leading down.
Okay, then.
You are confused.
You feel invigorated.
A wraith comes into view.
The two-headed ogre closely misses you. x2
You bump into the stone wall.
The two-headed ogre barely misses you.
The two-headed ogre hits you with a +0 giant spiked club!!
* * * LOW HITPOINT WARNING * * *
You hit the two-headed ogre.
You headbutt the two-headed ogre, but do no damage.
The two-headed ogre is lightly wounded.
You feel better.
You feel less invigorated.
The two-headed ogre hits you with a +0 giant spiked club!!
* * * LOW HITPOINT WARNING * * *
The two-headed ogre hits you with a +0 giant spiked club.
You die...

######
#...@#
#.#O.....W..
#.#.#####.#.
#.#.. #.....
#.#...#
.....>.
........ ..#


You could see a two-headed ogre and a wraith.

Vanquished Creatures
  2 two-headed ogres
  Pikel (D:3)
  Prince Ribbit (D:5)
  Grinder (D:3)
  Eustachio (D:4)
  A water moccasin (D:4)
  2 sky beasts
  2 black bears
  An orc warrior (D:8)
  A centaur (D:8)
  A kobold brigand (D:8)
  Blork the orc (D:6)
  A water moccasin zombie (D:6)
  4 killer bees (D:9)
  A wight (D:9)
  3 electric eels (D:6)
  A jelly (D:7)
  A bullfrog zombie (D:6)
  A gnoll shaman (D:9)
  4 hounds
  A bullfrog skeleton (D:6)
  Crazy Yiuf (D:4)
  Natasha (thrice) (D:2)
  2 iguanas
  A killer bee zombie (D:7)
  A howler monkey skeleton (D:4)
  11 gnolls
  7 adders
  An adder skeleton (D:4)
  4 worms (D:3)
  8 orcs
  3 bats
  3 endoplasms
  5 giant cockroaches
  5 goblins
  3 hobgoblins
  10 kobolds
  2 quokkas (D:4)
  8 ball pythons
  4 frilled lizards
  4 rats
118 creatures vanquished.

Vanquished Creatures (others)
  A human (D:4)
  2 fungi (D:10)
  13 plants
16 creatures vanquished.

Grand Total: 134 creatures vanquished

Notes
Turn   | Place    | Note
-------+----------+-------------------------------------------
     0 | D:1      | frimble the Minotaur Gladiator began the quest for the Orb.
     0 | D:1      | Reached XP level 1. HP: 18/18 MP: 0/0
   271 | D:1      | Reached XP level 2. HP: 15/25 MP: 1/1
   493 | D:1      | Reached skill level 3 in Fighting
   493 | D:1      | Reached XP level 3. HP: 21/31 MP: 2/2
  1196 | D:2      | Noticed Natasha
  1204 | D:2      | Killed Natasha
  1205 | D:2      | Reached XP level 4. HP: 24/38 MP: 3/3
  1612 | D:2      | Noticed Natasha
  1623 | D:2      | Killed Natasha
  1669 | D:2      | Noticed Natasha
  1676 | D:2      | Killed Natasha
  2484 | D:3      | Reached XP level 5. HP: 46/46 MP: 4/4
  2912 | D:3      | Noticed a moth of wrath
  2916 | D:3      | Found a bloodstained altar of Trog.
  2967 | D:3      | Reached skill level 4 in Fighting
  2973 | D:3      | Noticed Grinder
  3148 | D:3      | Killed Grinder
  3149 | D:3      | Reached skill level 5 in Short Blades
  3149 | D:3      | Reached XP level 6. HP: 20/55 MP: 5/5
  3516 | D:4      | Reached skill level 5 in Fighting
  3669 | D:4      | Noticed a water moccasin
  3680 | D:4      | Killed a water moccasin
  3681 | D:4      | Reached XP level 7. HP: 33/61 MP: 6/6
  3860 | D:4      | Noticed Eustachio
  4280 | D:4      | Found a white marble altar of Elyvilon.
  4300 | D:4      | Noticed Pikel
  4362 | D:4      | Found an ancient bone altar of Kikubaaqudgha.
  4593 | D:3      | Killed Pikel
  4594 | D:3      | Reached skill level 6 in Fighting
  4594 | D:3      | Reached skill level 5 in Throwing
  4594 | D:3      | Reached XP level 8. HP: 11/71 MP: 7/7
  5095 | D:4      | Killed Eustachio
  5096 | D:4      | Reached skill level 7 in Fighting
  5131 | D:4      | Found a snail-covered altar of Cheibriados.
  5387 | D:4      | Found a runed translucent door.
  5388 | D:4      | Noticed Crazy Yiuf
  5727 | D:4      | Killed Crazy Yiuf
  5809 | D:5      | Entered Level 5 of the Dungeon
  5918 | D:5      | Noticed Prince Ribbit
  5947 | D:5      | Gained mutation: You are partially covered in iridescent
                  | scales. (AC +2) [potion of mutation]
  5971 | D:5      | Killed Prince Ribbit
  6554 | D:6      | Found a transporter.
  6569 | D:6      | Reached skill level 8 in Fighting
  6814 | D:6      | Found a transporter.
  6907 | D:6      | Found a sacrificial altar of Ru.
  6948 | D:6      | Reached XP level 9. HP: 82/82 MP: 8/8
  6949 | D:6      | Found a staircase to the Ecumenical Temple.
  7011 | D:6      | Noticed Blork the orc
  7021 | D:6      | Killed Blork the orc
  7469 | D:7      | Noticed a two-headed ogre
  7481 | D:7      | Killed a two-headed ogre
  7482 | D:7      | Reached skill level 9 in Fighting
  8137 | D:7      | Found a sparkling altar of Nemelex Xobeh.
  8290 | D:8      | Found a shimmering altar of Xom.
  8906 | D:8      | Found a blossoming altar of Fedhas.
  9427 | D:9      | Noticed a two-headed ogre
  9429 | D:9      | Noticed Erica
  9439 | D:9      | Killed a two-headed ogre
  9440 | D:9      | Reached skill level 10 in Fighting
 10154 | D:9      | Reached XP level 10. HP: 71/93 MP: 9/9
 10160 | D:9      | Noticed a two-headed ogre
 10194 | D:10     | Entered Level 10 of the Dungeon
 10463 | D:10     | Found a runed translucent gate.
 10463 | D:10     | Found a runed translucent gate.
 10463 | D:10     | Found a runed translucent gate.
 10465 | D:10     | Noticed sirJeffrey23's ghost (journeyman DsBe)
 10483 | D:10     | Noticed a death yak
 10483 | D:10     | Noticed a death yak
 10483 | D:10     | Noticed a death yak
 10484 | D:10     | Noticed a death yak
 10484 | D:10     | Noticed a death yak
 10485 | D:10     | Noticed a death yak
 10486 | D:10     | Found a staircase to the Lair.
 10486 | D:10     | Noticed a death yak
 10500 | D:11     | Noticed an eight-headed hydra
 10523 | D:12     | Noticed a two-headed ogre
 10526 | D:12     | HP: 2/93 [two-headed ogre (10)]
 10568 | D:12     | HP: 3/93 [two-headed ogre (31)]
 10568 | D:12     | Slain by a two-headed ogre

Illustrated notes

Levels and vault maps discovered:
D:1:      lightli_molten_gateway, layout_basic
D:2:      layout_loops_ring, uniq_natasha
D:3:      layout_loops_cross, tgw_trog, serial_bayou_pond_a, st_stairs_10,
          nicolae_wormholes, uniq_grinder
D:4:      layout_basic, lemuel_crystal_altar, elyvilon_altar_3,
          tgw_kikubaaqudgha, chequers_big_river, uniq_crazy_yiuf_cottage,
          uniq_pikel, uniq_eustachio
D:5:      layout_cave_pools, uniq_prince_ribbit1
D:6:      gammafunk_steamed_eel, layout_cave_pools, overflow_temple_1_default,
          minmay_temple_entry_drinking_statues, uniq_blork_the_orc
D:7:      layout_loops_cross, lemuel_coloured_pillars_altar,
          columned_hall_lemuel, serial_bayou_crossing
D:8:      layout_gridville, fedhas_bush_and_centaur_altar, old_standard_altar,
          small_statue_intersection
D:9:      layout_small_grid, lemuel_round_altar, uniq_erica
D:10:     layout_roguey, zin_statuary, dpeg_lair_monsters,
          minmay_orc_entry_guard_dogs, gammafunk_ghost_nasty_kobolds
D:11:     layout_roguey, minmay_beelzebubs_servants
D:12:     minmay_spotlight, layout_loops_cross, kennysheep_just_a_vault,
          uniq_kirke

Skill      XL: |  1  2  3  4  5  6  7  8  9 |
---------------+----------------------------+-----
Fighting       | 3 4 5 6 8 10 | 10.1
Short Blades   | 4 5 6 8 9 |  9.7
Dodging        | 4 |  4.3
Throwing       | 3 4 5 6 8 |  8.5

Action                   |  1- 3 |  4- 6 |  7- 9 | 10-12 || total
-------------------------+-------+-------+-------+-------++-------
Melee: Rapier            |    39 |   122 |   260 |    19 ||   440
       Headbutt          |     9 |    21 |    39 |     2 ||    71
       Dagger            |       |       |     8 |       ||     8
Throw: Throwing net      |       |     1 |     3 |       ||     4
       Boomerang         |       |     4 |    66 |       ||    70
       Dart              |       |       |     1 |       ||     1
Evoke: Wand              |       |       |     6 |       ||     6
  Use: Scroll            |     2 |     6 |    11 |     2 ||    21
       Potion            |       |       |     8 |     2 ||    10
 Stab: Invisible         |       |       |     2 |       ||     2
       Distracted        |       |       |     1 |       ||     1
Armor: Leather armour    |     8 |    33 |    41 |       ||    82
       Skin              |       |       |    37 |       ||    37
       Robe              |       |       |    45 |     9 ||    54
Dodge: Dodged            |    23 |    53 |   170 |    34 ||   280

Table legend: (Time is in decaauts)
 A = Elapsed time spent in this place.
 B = Non-inter-level travel time spent in this place.
 C = Inter-level travel time spent in this place.
 D = Time resting spent in this place.
 E = Time spent auto-exploring this place.
 F = Levels seen in this place.
 G = Mean time per level.
                   A        B        C        D        E       F      G
               +--------+--------+--------+--------+--------+-----+--------+
         Total |  10548 |  10274 |    274 |    961 |   7915 |  12 |  879.0 |
       Dungeon |  10548 |  10274 |    274 |    961 |   7915 |  12 |  879.0 |
               +--------+--------+--------+--------+--------+-----+--------+

Top non-repeatable levels by time:
     D:4: 1935 daAuts
     D:3: 1652 daAuts
     D:8: 1459 daAuts
     D:2: 1314 daAuts
     D:1: 1121 daAuts
     D:6: 852 daAuts
     D:7: 838 daAuts
     D:5: 523 daAuts
     D:9: 477 daAuts
    D:10: 294 daAuts
    D:12: 44 daAuts
    D:11: 33 daAuts
